 Dungeon Crawl Stone Soup version 0.22.0-76-g6cd1571672 (webtiles) character file.

646 JedernureinKreuz the Conjurer (level 7, -7/51 HPs)
             Began as a Gnoll Conjurer on Sept 16, 2018.
             Mangled by an ice beast (11 damage)
             ... on level 5 of the Dungeon.
             The game lasted 00:17:25 (3686 turns).

JedernureinKreuz the Conjurer (Gnoll Conjurer)      Turns: 3686, Time: 00:17:26

Health: -7/51      AC:  4    Str: 10    XL:     7   Next: 52%
Magic:  1/24       EV: 15    Int: 19    God:
Gold:   337        SH:  0    Dex: 16    Spells: 6/17 levels left

rFire    . . .     SeeInvis .   h - +0 short sword
rCold    . . .     Gourm    .   (no shield)
rNeg     . . .     Faith    .   j - +0 leather armour
rPois    .         Spirit   .   (no helmet)
rElec    .         Reflect  .   v - +0 cloak "Wedgh" {MR+}
rCorr    .         Harm     .   (no gloves)
MR       +....                  (no boots)
Stlth    +++.......             (no amulet)
HPRegen  0.17/turn              l - ring of magical power
MPRegen  0.19/turn              (no ring)

@: very slightly contaminated
A: distributed training, fangs 1, strong nose
a: no special abilities


You were on level 5 of the Dungeon.
You were hungry.

You visited 1 branch of the dungeon, and saw 5 of its levels.

You collected 337 gold pieces.

Inventory:

Hand Weapons
 f - a +0 dagger
 h - a +0 short sword (weapon)
Missiles
 b - 121 stones (quivered)
 e - 42 bolts
 i - 6 javelins
 p - 47 arrows
 x - 3 tomahawks
Armour
 a - a +0 robe
 j - a +0 leather armour (worn)
 v - the +0 cloak "Wedgh" (worn) {MR+}
   (You found it on level 4 of the Dungeon)

   It affects your resistance to hostile enchantments.
Jewellery
 d - an uncursed ring of protection from fire {unknown}
 l - a ring of magical power (left hand)
 w - an uncursed amulet of the gourmand {unknown}
Wands
 t - a wand of iceblast (9)
Scrolls
 k - 2 scrolls of noise {unknown}
 m - a scroll of enchant weapon {unknown}
 n - 3 scrolls of identify {unknown}
 o - a scroll of magic mapping {unknown}
 q - a scroll of teleportation {unknown}
 s - a scroll of enchant armour {unknown}
Potions
 g - a potion of flight {unknown}
 r - a potion of curing {unknown}
 u - a potion of invisibility {unknown}
 z - 2 potions of brilliance {unknown}
Comestibles
 c - 7 rations
 A - 5 chunks of flesh


   Skills:
 + Level 2.5 Fighting
 + Level 2.5 Short Blades
 + Level 2.5 Long Blades
 + Level 2.5 Axes
 + Level 2.5 Maces & Flails
 + Level 2.5 Polearms
 + Level 2.5 Staves
 + Level 2.5 Slings
 + Level 2.5 Bows
 + Level 2.5 Crossbows
 + Level 2.5 Throwing
 + Level 2.5 Armour
 + Level 5.2 Dodging
 + Level 4.9 Stealth
 + Level 2.5 Shields
 + Level 2.5 Unarmed Combat
 + Level 5.6 Spellcasting
 + Level 7.4 Conjurations
 + Level 2.0 Hexes
 + Level 2.0 Charms
 + Level 2.0 Summonings
 + Level 2.0 Necromancy
 + Level 2.0 Translocations
 + Level 2.0 Transmutations
 + Level 2.0 Fire Magic
 + Level 2.0 Ice Magic
 + Level 2.0 Air Magic
 + Level 2.0 Earth Magic
 + Level 2.0 Poison Magic
 + Level 2.7 Invocations
 + Level 2.5 Evocations


You had 6 spell levels left.
You knew the following spells:

 Your Spells              Type           Power        Failure   Level  Hunger
a - Magic Dart            Conj           ####         1%          1    None
b - Iskenderun's Mystic   Conj           ####....     7%          4    ####...
c - Dazzling Spray        Conj/Hex       ###...       7%          3    ##.....
d - Confuse               Hex            ##......     21%         3    ##.....

Your spell library contained the following spells:

 Spells                   Type           Power        Failure   Level  Hunger
 Searing Ray              Conj           ####..       1%          2    None
 Confusing Touch          Hex            ##....       7%          1    None
 Gell's Gravitas          Tloc           ##........   21%         3    ##.....
 Force Lance              Conj/Tloc      ###.....     22%         4    ####...
 Fulminant Prism          Conj/Hex       ###.......   22%         4    ####...
 Petrify                  Tmut/Erth      ##......     54%         4    ####...
 Metabolic Englaciation   Hex/Ice        ##........   88%         5    #####..
 Yara's Violent Unravell  Hex/Tmut       ##........   88%         5    #####..


Dungeon Overview and Level Annotations

Branches:
Dungeon (5/15)
 Temple: D:4-7

Altars:


Innate Abilities, Weirdness & Mutations

Your experience applies equally to all skills.
You have very sharp teeth.
Your uncanny sense of smell can sniff out nearby items.


Message History

Casting: Confuse (safe; 21% risk of failure)
Confirm with . or Enter, or press ? or * to list all spells.
Aiming: Confuse (safe; 21% risk of failure)
Press: ? - help, Shift-Dir - straight line, f/p - ice beast
Aim: an ice beast (heavily wounded, chance to defeat MR: 44%)
You miscast Confuse.
You feel a bit tired. The ice beast misses you.
Casting: Confuse (safe; 21% risk of failure)
Confirm with . or Enter, or press ? or * to list all spells.
Aiming: Confuse (safe; 21% risk of failure)
Press: ? - help, Shift-Dir - straight line, f/p - ice beast
Aim: an ice beast (heavily wounded, chance to defeat MR: 44%)
The ice beast resists with some effort.
The ice beast hits you but does no damage.
You hit the ice beast.
You bite the ice beast, but do no damage.
The ice beast is heavily wounded.
The ice beast hits you.
* * * LOW HITPOINT WARNING * * *
The ice beast freezes you!
You die...

.... ..# ..# #.#
# ### #.# .#
...####.##.#
###.........##.#
......##@......#
#..Y........†
#.†####.##.#.
#.. .# ##.. #
###.. #.. #%.
...


You could see an ice beast.

Vanquished Creatures
  A phantom (D:4)
  An ogre (D:4)
  5 orc wizards (D:4)
  Jessica (D:3)
  An iguana (D:4)
  A worker ant (D:4)
  A hound skeleton (D:4)
  8 adders
  6 gnolls
  A river rat (D:3)
  2 worms (D:2)
  3 dart slugs
  3 leopard geckos
  6 orcs (D:4)
  7 giant cockroaches
  6 goblins
  7 hobgoblins
  4 jackals (D:2)
  9 kobolds
  4 quokkas
  6 ball pythons
  5 bats
  6 frilled lizards
  A leopard gecko skeleton (D:4)
  9 rats
104 creatures vanquished.

Notes
Turn   | Place    | Note
-------+----------+-------------------------------------------
     0 | D:1      | JedernureinKreuz the Gnoll Conjurer began the quest for the
                  | Orb.
     0 | D:1      | Reached XP level 1. HP: 13/13 MP: 6/6
   144 | D:1      | Reached XP level 2. HP: 18/19 MP: 5/7
   507 | D:1      | You fall through a shaft!
   524 | D:2      | Reached skill level 5 in Spellcasting
   524 | D:2      | Reached XP level 3. HP: 25/25 MP: 4/9
   627 | D:2      | Reached skill level 1 in Invocations
   751 | D:2      | Reached skill level 1 in Fighting
   751 | D:2      | Reached skill level 1 in Short Blades
   751 | D:2      | Reached skill level 1 in Long Blades
   751 | D:2      | Reached skill level 1 in Axes
   751 | D:2      | Reached skill level 1 in Maces & Flails
   751 | D:2      | Reached skill level 1 in Polearms
   751 | D:2      | Reached skill level 1 in Staves
   751 | D:2      | Reached skill level 1 in Slings
   751 | D:2      | Reached skill level 1 in Bows
   751 | D:2      | Reached skill level 1 in Crossbows
   751 | D:2      | Reached skill level 1 in Throwing
   751 | D:2      | Reached skill level 1 in Armour
   751 | D:2      | Reached skill level 1 in Shields
   751 | D:2      | Reached skill level 1 in Unarmed Combat
   751 | D:2      | Reached skill level 1 in Evocations
   820 | D:2      | Reached XP level 4. HP: 32/32 MP: 7/11
  1016 | D:2      | Reached skill level 1 in Hexes
  1016 | D:2      | Reached skill level 1 in Charms
  1016 | D:2      | Reached skill level 1 in Summonings
  1016 | D:2      | Reached skill level 1 in Necromancy
  1016 | D:2      | Reached skill level 1 in Translocations
  1016 | D:2      | Reached skill level 1 in Transmutations
  1016 | D:2      | Reached skill level 1 in Fire Magic
  1016 | D:2      | Reached skill level 1 in Ice Magic
  1016 | D:2      | Reached skill level 1 in Air Magic
  1016 | D:2      | Reached skill level 1 in Earth Magic
  1016 | D:2      | Reached skill level 1 in Poison Magic
  1127 | D:2      | Learned a level 4 spell: Iskenderun's Mystic Blast
  1131 | D:2      | Learned a level 3 spell: Dazzling Spray
  1339 | D:2      | Reached XP level 5. HP: 37/37 MP: 12/12
  1469 | D:3      | Learned a level 3 spell: Confuse
  2158 | D:3      | Found a glowing drain.
  2314 | D:3      | Noticed Jessica
  2322 | D:3      | Killed Jessica
  2597 | D:4      | Reached XP level 6. HP: 43/44 MP: 13/13
  2608 | D:4      | Got a translucent cloak
  2614 | D:4      | Identified the +0 cloak "Wedgh" {MR+} (You found it on
                  | level 4 of the Dungeon)
  2631 | D:4      | Reached skill level 5 in Dodging
  2791 | D:4      | Reached XP level 7. HP: 19/50 MP: 1/15
  3655 | D:5      | Entered Level 5 of the Dungeon
  3686 | D:5      | Mangled by an ice beast

Skill      XL: |  1  2  3  4  5  6  7 |
---------------+----------------------+-----
Spellcasting   | 5 |  5.6
Invocations    | 1 2 |  2.7
Fighting       | 1 2 |  2.5
Short Blades   | 1 2 |  2.5
Long Blades    | 1 2 |  2.5
Axes           | 1 2 |  2.5
Maces & Flails | 1 2 |  2.5
Polearms       | 1 2 |  2.5
Staves         | 1 2 |  2.5
Slings         | 1 2 |  2.5
Bows           | 1 2 |  2.5
Crossbows      | 1 2 |  2.5
Throwing       | 1 2 |  2.5
Armour         | 1 2 |  2.5
Shields        | 1 2 |  2.5
Unarmed Combat | 1 2 |  2.5
Evocations     | 1 2 |  2.5
Hexes          | 1 2 |  2.0
Charms         | 1 2 |  2.0
Summonings     | 1 2 |  2.0
Necromancy     | 1 2 |  2.0
Translocations | 1 2 |  2.0
Transmutations | 1 2 |  2.0
Fire Magic     | 1 2 |  2.0
Ice Magic      | 1 2 |  2.0
Air Magic      | 1 2 |  2.0
Earth Magic    | 1 2 |  2.0
Poison Magic   | 1 2 |  2.0
Dodging        | 5 |  5.2
Stealth        | |  4.9
Conjurations   | |  7.4

Action                   |  1- 3 |  4- 6 |  7- 9 || total
-------------------------+-------+-------+-------++-------
Melee: Dagger            |     2 |       |       ||     2
       Bite              |     1 |     3 |     2 ||     6
       Short sword       |     7 |    41 |    20 ||    68
 Cast: Magic Dart        |    56 |   122 |    71 ||   249
       Iskenderun's Myst |       |     6 |     2 ||     8
       Confuse           |       |       |     2 ||     2
  Use: Scroll            |       |     1 |       ||     1
 Stab: Sleeping          |       |     3 |       ||     3
  Eat: Chunk             |       |     6 |     3 ||     9
Armor: Leather armour    |       |    14 |    11 ||    25
Dodge: Dodged            |    13 |    41 |    27 ||    81
